 Dungeon Crawl Stone Soup version 0.31-a0-1308-ga3cce3a448 (webtiles) character file.

Game seed: 869160732651151670

16073 jasper the Dealer of Despair (level 12, -10/97 HPs)
             Began as a Demonspawn Necromancer on Dec 19, 2023.
             Was an Elder of Kikubaaqudgha.
             Killed by an exploding wolf (34 damage)
             ... ignited by their inner flame
             ... on level 1 of the Lair of Beasts.
             The game lasted 00:19:00 (11134 turns).

jasper the Dealer of Despair (DsNe)                Turns: 11134, Time: 00:19:00

Health: -10/97     AC: 20    Str:  8    XL:     12   Next: 6%
Magic:  7/15       EV: 16    Int: 29    God:    Kikubaaqudgha [****..]
Gold:   448        SH:  0    Dex: 10    Spells: 4/15 levels left

rFire   . . .        X - +9 trident "Disedim" {venom, rPois rN+ Will++ rCorr}
rCold   . . .        (no shield)
rNeg    + + .        V - +2 ring mail of Card Tricks {rElec rN+ Int+8 Dex-4}
rPois   +            A - +2 hat
rElec   +            (no cloak)
rCorr   +            B - +1 pair of gloves
SInv    .            o - +1 pair of boots
Will    ++...        (no amulet)
Stlth   +            b - +4 ring of protection
HPRegen 10.36/turn   w - +5 ring of evasion
MPRegen 0.14/turn

%: no passive effects
@: no status effects
A: hooves 2, thin metallic scales 1, foul stench 2, powered by death 2
a: Renounce Religion, Unearth Wretches


You were on level 1 of the Lair of Beasts.
You worshipped Kikubaaqudgha.
Kikubaaqudgha was greatly pleased with you.
You visited 2 branches of the dungeon, and saw 12 of its levels.

You collected 545 gold pieces.
You spent 97 gold pieces at shops.

Inventory:

Hand Weapons
 X - the +9 trident "Disedim" (weapon) {venom, rPois rN+ Will++ rCorr}
   (You found it on level 10 of the Dungeon)

   rPois:     It protects you from poison rN+: It protects you from negative
   energy.
   Will++:    It greatly increases your willpower.
   rCorr:     It protects you from acid and corrosion.
Missiles
 h - 7 poisoned darts
 S - 5 curare-tipped darts
 T - 4 throwing nets
Armour
 a - a +0 robe
 g - a +0 ring mail
 k - +0 acid dragon scales
 o - a +1 pair of boots (worn)
 A - a +2 hat (worn)
 B - a +1 pair of gloves (worn)
 U - a +0 kite shield
 V - the +2 ring mail of Card Tricks (worn) {rElec rN+ Int+8 Dex-4}
   (You found it on level 10 of the Dungeon)

   Int+8:     It affects your intelligence (+8).
   Dex-4:     It affects your dexterity (-4).
   rElec:     It insulates you from electricity.
   rN+:       It protects you from negative energy.
Magical Staves
 c - a staff of air
Jewellery
 b - a +4 ring of protection (left hand)
 p - a ring of ice
 u - a ring of poison resistance
 w - a +5 ring of evasion (right hand)
 C - a +5 ring of evasion
 N - a ring of see invisible
 O - a ring of willpower
Wands
 j - a wand of acid (6)
 m - a wand of iceblast (6)
 y - a wand of paralysis (9)
 F - a wand of flame (41)
 M - a wand of mindburst (24)
Scrolls
 f - 6 scrolls of teleportation
 i - a scroll of revelation
 l - a scroll of vulnerability
 s - 2 scrolls of silence
 I - a scroll of blinking
 K - 2 scrolls of amnesia
 Q - a scroll of torment
 R - a scroll of poison
 W - a scroll of butterflies
 Y - a scroll of enchant weapon
Potions
 d - 2 potions of invisibility
 e - 2 potions of brilliance
 r - a potion of cancellation
 v - 4 potions of curing
 x - 2 potions of lignification
 z - 3 potions of enlightenment
 D - a potion of heal wounds
 G - 3 potions of might {unknown}
 L - a potion of degeneration {unknown}
 P - a potion of berserk rage
 Z - 2 potions of haste {unknown}


   Skills:
 - Level 10.0 Fighting
 - Level 1.5(7.0) Axes
 + Level 10.8(10.9) Polearms
 - Level 5.0 Armour
 - Level 5.0 Dodging
 - Level 1.7 Stealth
 - Level 2.0 Spellcasting
 - Level 11.0 Necromancy
 - Level 3.0 Translocations


You had 4 spell levels left.
You knew the following spells:

 Your Spells              Type           Power      Damage    Failure   Level
a - Dispel Undead         Necr           61%        3d21      2%          4
b - Vampiric Draining     Necr           61%        2d10      1%          3
c - Blink                 Tloc           40%        N/A       11%         2
d - Sublimation of Blood  Necr           61%        N/A       1%          2

Your spell library contained the following spells:

 Spells                   Type           Power      Damage    Failure   Level
 Necrotise                Necr           100%       1d9       1%          1
 Kiss of Death            Conj/Necr      100%       2d13      2%          1
 Animate Dead             Necr           61%        N/A       2%          4
 Freeze                   Ice            8%         1d3       24%         1
 Anguish                  Hex/Necr       17%        N/A       24%         4
 Ensorcelled Hibernation  Hex/Ice        4%         N/A       34%         2
 Jinxbite                 Hex            4%         N/A       34%         2
 Wereblood                Tmut           2%         N/A       34%         2
 Frozen Ramparts          Ice            4%         1d1       56%         3
 Hailstorm                Conj/Ice       2%         3d5       56%         3
 Manifold Assault         Tloc           20%        N/A       56%         4
 Agony                    Necr           61%        N/A       7%          5
 Death Channel            Necr           30%        N/A       36%         6
 Borgnjor's Vile Clutch   Necr/Erth      17%        N/A       56%         5
 Simulacrum               Ice/Necr       17%        N/A       98%         6
 Summon Hydra             Summ           1%         N/A       100%        7


Dungeon Overview and Level Annotations

Branches:
Dungeon (11/15)            Temple (0/1) D:5            Lair (1/5) D:10
    Orc (0/2) D:10

Altars:
Kikubaaqudgha
Qazlal
Trog
Xom

Shops:
D:9 ?

Annotations:
D:6 Jeremiah
D:8 2 transporters, kairosrom117's ghost, novice DrFE
D:9 2 transporters, lucidstorm14's ghost, novice MiBe
D:11 2 transporters


Innate Abilities, Weirdness & Mutations

You have hoof-like feet.
You are partially covered in thin metallic scales. (AC +2)
You sometimes emit foul miasma when damaged in melee.
You regenerate health from kills.


Message History

Kikubaaqudgha accepts your kill.
The wolf explodes!
The fiery explosion engulfs the wolf!!!
Kikubaaqudgha accepts your kill.
The fiery explosion engulfs the wolf!!
Kikubaaqudgha accepts your kill.
The fiery explosion engulfs the yak!
Flame seeps out of the yak.
The yak is severely wounded.
The fiery explosion engulfs you!
The fiery explosion engulfs the yak!!!
Kikubaaqudgha accepts your kill.
The fiery explosion engulfs the yak!!
Kikubaaqudgha accepts your kill.
The fiery explosion engulfs the yak!!
Flame seeps out of the yak.
The yak is almost dead.
The yak explodes!
The fiery explosion engulfs you!!!
The fiery explosion engulfs the yak!!!
Kikubaaqudgha accepts your kill.
The fiery explosion engulfs the yak!!
Kikubaaqudgha accepts your kill.
The yak explodes!
The fiery explosion engulfs the yak!!
Kikubaaqudgha accepts your kill.
The fiery explosion engulfs the yak!
Flame seeps out of the yak.
The yak is moderately wounded.
The yak explodes!
The fiery explosion engulfs the wolf!!
Kikubaaqudgha accepts your kill.
The fiery explosion engulfs the yak!!!
Kikubaaqudgha accepts your kill.
The yak explodes!
The wolf explodes!
The yak explodes!
The fiery explosion engulfs you!
* * * LOW HITPOINT WARNING * * *
The yak explodes!
The wolf explodes!
The fiery explosion engulfs the bullfrog!!!
Kikubaaqudgha accepts your kill.
The fiery explosion engulfs the wolf!!
Kikubaaqudgha accepts your kill. The fiery explosion engulfs you!!
You die...
Kikubaaqudgha rasps: "You have failed me!
Welcome... death!"

#### ########
#.###@§####.##...#####
#....§§○○§Y...##.....#..
.....§§§°§§.............
......§§§§.....)........
......§§§§..............
...............!........
........................
..).....................
......................


You could see a yak (inner flame).

Vanquished Creatures
  A boulder beetle (D:10)
  4 two-headed ogres
  Sonja (D:10)
  A cyclops (D:6)
  An unseen horror (D:11)
  A rime drake (D:10)
  2 komodo dragons (D:11)
  A hornet (D:9)
  Prince Ribbit (D:8)
  4 trolls
  Grinder (D:6)
  A shadow (D:11)
  A wyvern (D:10)
  32 yaks
  6 vampire mosquitoes (D:10)
  2 steam dragons
  3 acid dragons (D:11)
  7 ice beasts
  4 orc warriors
  A black bear (Lair:1)
  4 ogres
  3 centaurs
  8 wolves
  3 phantoms
  2 kobold brigands
  2 bullfrogs
  2 gnoll sergeants
  A scorpion (D:3)
  6 wights (D:10)
  12 killer bees
  2 howler monkeys
  A jelly (D:6)
  2 hounds
  4 orc priests
  A sleepcap (D:4)
  Jessica (D:3)
  3 iguanas
  13 orc wizards
  9 gnolls
  9 adders
  A shadow imp (D:7)
  2 worms
  2 dart slugs
  45 orcs
  8 bats
  4 endoplasms
  4 giant cockroaches
  A hobgoblin (D:3)
  3 jackals (D:2)
  3 quokkas
  10 ball pythons
  2 frilled lizards
  4 goblins
  11 kobolds
  4 rats
267 creatures vanquished.

Vanquished Creatures (collateral kills)
  An orc priest (D:4)
  A frilled lizard (D:1)
2 creatures vanquished.

Grand Total: 269 creatures vanquished

Notes
Turn   | Place    | Note
-------+----------+-------------------------------------------
     0 | D:1      | jasper the Demonspawn Necromancer began the quest for the
                  | Orb.
     0 | D:1      | Reached XP level 1. HP: 13/13 MP: 3/3
    96 | D:1      | You fall into a shaft and drop 1 floor!
   104 | D:2      | Reached skill level 1 in Fighting
   104 | D:2      | Gained mutation: You may rarely emit foul miasma when
                  | damaged in melee. [demonic ancestry]
   104 | D:2      | Reached XP level 2. HP: 18/22 MP: 0/5
   378 | D:1      | Reached XP level 3. HP: 28/28 MP: 4/6
   432 | D:1      | Learned a level 3 spell: Vampiric Draining
   605 | D:1      | Found a faded altar of an unknown god.
  1529 | D:2      | Gained mutation: You are partially covered in thin metallic
                  | scales. (AC +2) [demonic ancestry]
  1529 | D:2      | Reached XP level 4. HP: 35/35 MP: 5/7
  1592 | D:3      | Reached skill level 5 in Necromancy
  2218 | D:3      | Noticed Jessica
  2221 | D:3      | Killed Jessica
  2222 | D:3      | Reached skill level 6 in Necromancy
  2222 | D:3      | Gained mutation: You regenerate a little health from kills.
                  | [demonic ancestry]
  2222 | D:3      | Reached XP level 5. HP: 41/41 MP: 8/8
  2636 | D:4      | Reached skill level 7 in Necromancy
  2636 | D:4      | Gained mutation: You have large cloven feet. [demonic
                  | ancestry]
  2636 | D:4      | Reached XP level 6. HP: 47/47 MP: 2/9
  3532 | D:5      | Entered Level 5 of the Dungeon
  3532 | D:5      | Found an ancient bone altar of Kikubaaqudgha.
  3551 | D:5      | Reached skill level 8 in Necromancy
  3558 | D:5      | Became a worshipper of Kikubaaqudgha
  3636 | D:5      | Learned a level 2 spell: Blink
  3784 | D:5      | Reached XP level 7. HP: 52/52 MP: 10/10
  3803 | D:5      | Learned a level 2 spell: Sublimation of Blood
  3862 | D:5      | Found a shimmering altar of Xom.
  3883 | D:5      | Reached skill level 9 in Necromancy
  3926 | D:5      | Found a shimmering altar of Xom.
  3984 | D:5      | Found a staircase to the Ecumenical Temple.
  4491 | D:6      | Noticed a cyclops
  4510 | D:6      | Killed a cyclops
  4511 | D:6      | Reached skill level 10 in Necromancy
  4511 | D:6      | Gained mutation: You regenerate health from kills. [demonic
                  | ancestry]
  4511 | D:6      | Reached XP level 8. HP: 20/58 MP: 1/11
  4657 | D:6      | Noticed Grinder
  4657 | D:6      | Paralysed by Grinder for 3 turns
  4664 | D:6      | Paralysed by Grinder for 2 turns
  4675 | D:6      | Paralysed by Grinder for 3 turns
  4680 | D:6      | Killed Grinder
  4681 | D:6      | Reached skill level 11 in Necromancy
  4997 | D:6      | Reached skill level 1 in Armour
  5015 | D:6      | Noticed Jeremiah
  5849 | D:7      | Reached * piety under Kikubaaqudgha
  5849 | D:7      | Received a gift from Kikubaaqudgha
  5850 | D:7      | Reached XP level 9. HP: 44/67 MP: 8/12
  5948 | D:7      | Reached skill level 5 in Fighting
  6326 | D:8      | Noticed a two-headed ogre
  6336 | D:8      | Killed a two-headed ogre
  6686 | D:8      | Found a transporter.
  6792 | D:8      | HP: 3/72 [yak (5)]
  7052 | D:8      | Found a bloodstained altar of Trog.
  7052 | D:8      | Noticed a two-headed ogre
  7052 | D:8      | Noticed kairosrom117's ghost (novice DrFE)
  7055 | D:8      | Noticed a moth of wrath
  7062 | D:8      | Found a transporter.
  7228 | D:8      | Noticed Prince Ribbit
  7246 | D:8      | Killed Prince Ribbit
  7247 | D:8      | Gained mutation: You have hoof-like feet. [demonic
                  | ancestry]
  7247 | D:8      | Reached XP level 10. HP: 53/80 MP: 3/13
  7399 | D:8      | Reached skill level 5 in Dodging
  7717 | D:9      | Reached ** piety under Kikubaaqudgha
  7793 | D:9      | Reached skill level 5 in Armour
  8016 | D:9      | Found Ufosystre's Magic Scroll Shoppe.
  8024 | D:9      | Bought a scroll of blinking for 97 gold pieces
  8122 | D:9      | Reached skill level 1 in Axes
  8220 | D:9      | Noticed lucidstorm14's ghost (novice MiBe)
  8326 | D:9      | Found a transporter.
  8331 | D:9      | Found a transporter.
  8648 | D:10     | Entered Level 10 of the Dungeon
  8664 | D:10     | Identified the +2 ring mail of Card Tricks {rElec rN+ Int+8
                  | Dex-4}
  8738 | D:10     | Identified the +9 trident "Disedim" {venom, rPois rN+
                  | Will++ rCorr}
  8746 | D:10     | Reached skill level 10 in Fighting
  8781 | D:10     | Reached skill level 1 in Polearms
  8899 | D:10     | Noticed a two-headed ogre
  8927 | D:10     | Killed a two-headed ogre
  8928 | D:10     | Reached skill level 5 in Polearms
  8928 | D:10     | Reached XP level 11. HP: 72/90 MP: 7/14
  9129 | D:10     | Reached *** piety under Kikubaaqudgha
  9129 | D:10     | Received a gift from Kikubaaqudgha
  9138 | D:10     | Noticed a boulder beetle
  9159 | D:10     | Killed a boulder beetle
  9168 | D:10     | Learned a level 4 spell: Dispel Undead
  9228 | D:10     | Found a staircase to the Lair.
  9390 | D:10     | Found a staircase to the Orcish Mines.
  9446 | D:10     | Noticed Sonja
  9456 | D:10     | Killed Sonja
  9632 | D:10     | Noticed a two-headed ogre
  9645 | D:10     | Killed a two-headed ogre
  9668 | D:10     | Noticed a two-headed ogre
  9677 | D:10     | Killed a two-headed ogre
  9777 | D:10     | Found a stormy altar of Qazlal.
 10057 | D:11     | Reached skill level 10 in Polearms
 10132 | D:11     | Identified the +2 hand axe of Xocot {heavy, Str+2 Int+3}
 10224 | D:11     | Reached **** piety under Kikubaaqudgha
 10486 | D:11     | Found a transporter.
 10490 | D:11     | Noticed a fire crab
 10490 | D:11     | Noticed a fire crab
 10615 | D:11     | Gained mutation: You sometimes emit foul miasma when
                  | damaged in melee. [demonic ancestry]
 10615 | D:11     | Reached XP level 12. HP: 97/97 MP: 15/15
 10849 | D:11     | Found a transporter.
 11033 | Lair:1   | Entered Level 1 of the Lair of Beasts
 11134 | Lair:1   | Killed by an exploding wolf... ignited by their inner flame

Illustrated notes

Levels and vault maps discovered:
D:1:      dpeg_arrival_pond, layout_basic, nicolae_ecumenical_snake_handling,
          glass_columns_b, chequers_serial_rivers_small_3, feat_on_display
D:2:      layout_loops_ring
D:3:      layout_loops_cross, amcnicky_mini_pool_small, corexii_shack,
          uniq_jessica
D:4:      layout_basic, kennysheep_potato
D:5:      layout_gridville, brannock_xom_greatest_gift,
          minmay_temple_entry_trees, hangedman_feature_mirror, st_stairs_4
D:6:      layout_basic, columned_hall_lemuel, grunt_ministairs_1, minivault_26,
          minmay_misc_feat_plants, uniq_grinder, uniq_jeremiah
D:7:      layout_basic, zin_treasury
D:8:      layout_basic, gammafunk_ghost_wrathful_warriors, uniq_prince_ribbit1
D:9:      layout_rooms, tso_altar, serial_shops, shop, gammafunk_ghost_hive
D:10:     layout_rooms, mainiacjoe_overflow_brackets, hellmonk_lair_entry_icy,
          hiddenorc1_lemuel, minmay_joined_circles, uniq_sonja
D:11:     gammafunk_cloud_chamber, layout_basic
Lair:1:   hellmonk_destroyed_diamonds, layout_hall_layers,
          gauntlet_entry_generic

Skill      XL: |  1  2  3  4  5  6  7  8  9 10 11 |
---------------+----------------------------------+-----
Fighting       | 1 2 3 4 7 10 | 10.0
Necromancy     | 6 7 8 10 11 | 11.0
Translocations | 3 |  3.0
Dodging        | 2 4 5 |  5.0
Armour         | 2 4 5 |  5.0
Axes           | 1 |  1.5
Polearms       | 5 10 | 10.8
Stealth        | |  1.7
Spellcasting   | |  2.0

Action                     |  1- 3 |  4- 6 |  7- 9 | 10-12 || total
---------------------------+-------+-------+-------+-------++-------
  Melee: Hand axe          |       |    39 |   408 |   286 ||   733
         Unarmed           |       |       |    11 |       ||    11
         Punch             |       |       |     1 |    14 ||    15
         Trident           |       |       |       |   406 ||   406
   Fire: Sling             |    78 |   121 |       |       ||   199
   Cast: Necrotise         |    24 |    15 |       |       ||    39
         Vampiric Draining |       |    14 |    31 |    50 ||    95
  Evoke: Wand              |       |       |     6 |     3 ||     9
    Use: Scroll            |       |    12 |     3 |    11 ||    26
         Potion            |       |       |     5 |       ||     5
   Stab: Paralysed         |       |       |     1 |       ||     1
 Armour: Ring mail         |    35 |    73 |   275 |   572 ||   955
         Skin              |       |       |    12 |       ||    12
  Dodge: Dodged            |    37 |    85 |   319 |   744 ||  1185

Table legend: (Time is in decaauts)
 A = Elapsed time spent in this place.
 B = Non-inter-level travel time spent in this place.
 C = Inter-level travel time spent in this place.
 D = Time resting spent in this place.
 E = Time spent auto-exploring this place.
 F = Levels seen in this place.
 G = Mean time per level.
                   A        B        C        D        E       F      G
               +--------+--------+--------+--------+--------+-----+--------+
         Total |  11458 |  11011 |    447 |    308 |   7690 |  12 |  954.8 |
       Dungeon |  11360 |  10913 |    447 |    308 |   7624 |  11 | 1032.7 |
          Lair |     98 |     98 |      0 |      0 |     66 |   1 |   98.0 |
               +--------+--------+--------+--------+--------+-----+--------+

Top non-repeatable levels by time:
     D:8: 1374 daAuts
    D:10: 1236 daAuts
     D:9: 1159 daAuts
    D:11: 1123 daAuts
     D:4: 1091 daAuts
     D:5: 1054 daAuts
     D:7: 956 daAuts
     D:3: 921 daAuts
     D:1: 877 daAuts
     D:6: 805 daAuts
     D:2: 759 daAuts
  Lair:1: 98 daAuts
